 Dungeon Crawl Stone Soup version 0.29-a0-1023-g6ae1a4a2c7 (webtiles) character file.

Game seed: 13566760133533962845

31 BritishOli the Slasher (level 3, 27/28 HPs)
             Began as a Demonspawn Gladiator on Aug 11, 2022.
             Got out of the dungeon alive.
             The game lasted 00:01:18 (832 turns).

BritishOli the Slasher (Demonspawn Gladiator)        Turns: 832, Time: 00:01:18

Health: 27/28      AC:  4    Str: 16    XL:     3   Next: 7%
Magic:  3/3        EV: 12    Int:  9    God:
Gold:   51         SH:  0    Dex: 14    Spells: 2/2 levels left

rFire   . . .      SeeInvis .   a - +0 long sword
rCold   . . .      Faith    .   (no shield)
rNeg    . . .      Spirit   .   b - +0 leather armour
rPois   .          Reflect  .   c - +0 helmet
rElec   .          Harm     .   (no cloak)
rCorr   .          Rampage  .   (no gloves)
Will    .....                   (no boots)
Stlth   +.........              (no amulet)
HPRegen 0.09/turn               (no ring)
MPRegen 0.08/turn               (no ring)

@: no status effects
A: powered by pain 1, spiny 1
a: no special abilities


You escaped.
You visited 1 branch of the dungeon, and saw 1 of its levels.

You collected 51 gold pieces.

Inventory:

Hand Weapons
 a - a +0 long sword (weapon)
Missiles
 d - 3 throwing nets (quivered)
 e - a javelin
Armour
 b - a +0 leather armour (worn)
 c - a +0 helmet (worn)
Scrolls
 g - 2 scrolls of identify {unknown}
 i - a scroll of poison {unknown}
 j - a scroll of fog {unknown}
Potions
 f - 2 potions of curing {unknown}
 h - a potion of lignification {unknown}
 k - a potion of degeneration {unknown}
 l - a potion of flight {unknown}


   Skills:
 * Level 2.5 Fighting
 * Level 3.0 Long Blades
 - Level 2.0 Throwing
 + Level 0.3 Armour
 + Level 3.0 Dodging


You had 2 spell levels left.
You didn't know any spells.
Your spell library was empty.

Dungeon Overview and Level Annotations

Branches:
Dungeon (1/15)

Altars:


Innate Abilities, Weirdness & Mutations

You sometimes gain a little power by taking damage.
You are partially covered in sharp spines.


Message History

You kill the kobold!
You have reached level 3!
Your experience leads to an increase in your attributes!
Increase (S)trength, (I)ntelligence, or (D)exterity?
You feel stronger. x2; Your demonic ancestry asserts itself...
You feel energised by your suffering.
A rat is nearby!
A rat is nearby!
You barely miss the rat. The rat is struck by your spines.
You kill the rat!
You now have 51 gold pieces (gained 9).
A kobold comes into view. It is wielding a +0 dagger.
A quokka comes into view.
The kobold shouts!
There are monsters nearby!
There are monsters nearby!
You hit the quokka but do no damage. The kobold closely misses you.
The quokka is struck by your spines. The quokka closely misses you.
You barely miss the quokka.
The quokka is lightly wounded.
The quokka is struck by your spines. The quokka bites you.
The kobold hits you with a +0 dagger.
The quokka bites you but does no damage.
You hit the quokka.
The quokka is severely wounded.
The kobold barely misses you. The quokka is struck by your spines.
You kill the quokka!
The kobold is struck by your spines.
You kill the kobold!
No target in view!
No target in view!
Okay, then.
(D) Dungeon
Where to? (? - help)
Okay, then.
There is a staircase leading out of the dungeon here.
Are you sure you want to leave the Dungeon?
This will make you lose the game!
Uppercase [Y]es or [N]o only, please.
Are you sure you want to leave the Dungeon?
This will make you lose the game!
You have escaped!

#...#.#.......# .#..
#.#.#.....###.## ####... .
#.#.###...###..#####..... #.
#....................#.. #.##
##.####.)..........#...## ...#
#.####.#..........###..### #..
#.#..........P...P.......######.
#.#.##..................)....###
##..............@.......#.>.....#
......###.#......................
..............P...P.....#........
...>..###.###...........###......
....### #.# #.....#.....######.##
....# #. #.............## #...
..†.# #.#####......##....###..#
##†## ..######......#.#.......
#.# #...# ##.#...#.#.....##


There were no monsters in sight!

Vanquished Creatures
  A gnoll (D:1)
  A dart slug (D:1)
  2 endoplasms (D:1)
  A goblin (D:1)
  3 quokkas (D:1)
  A ball python (D:1)
  4 bats (D:1)
  3 frilled lizards (D:1)
  4 kobolds (D:1)
  2 rats (D:1)
22 creatures vanquished.

Notes
Turn   | Place    | Note
-------+----------+-------------------------------------------
     0 | D:1      | BritishOli the Demonspawn Gladiator began the quest for the
                  | Orb.
     0 | D:1      | Reached XP level 1. HP: 16/16 MP: 1/1
   576 | D:1      | Gained mutation: You are partially covered in sharp spines.
                  | [demonic ancestry]
   576 | D:1      | Reached XP level 2. HP: 22/22 MP: 2/2
   777 | D:1      | Found a faded altar of an unknown god.
   797 | D:1      | Gained mutation: You sometimes gain a little power by
                  | taking damage. [demonic ancestry]
   797 | D:1      | Reached XP level 3. HP: 28/28 MP: 3/3
   832 | D:$      | Got out of the dungeon alive.

Illustrated notes

Levels and vault maps discovered:
D:1:      dpeg_arrival_orchard, layout_rooms,
          dreamdust_ecumenical_altar_statues, minmay_tetromino_l4

Skill      XL: |  1  2 |
---------------+-------+-----
Throwing       | 2 |  2.0
Long Blades    | 3 |  3.0
Dodging        | 3 |  3.0
Fighting       | |  2.5
Armour         | |  0.3

Action                   || total
-------------------------++-------
Melee: Long sword        ||    44
Armor: Leather armour    ||    16
Dodge: Dodged            ||    39

Table legend: (Time is in decaauts)
 A = Elapsed time spent in this place.
 B = Non-inter-level travel time spent in this place.
 C = Inter-level travel time spent in this place.
 D = Time resting spent in this place.
 E = Time spent auto-exploring this place.
 F = Levels seen in this place.
 G = Mean time per level.
                   A        B        C        D        E       F      G
               +--------+--------+--------+--------+--------+-----+--------+
         Total |    843 |    823 |     20 |      0 |    695 |   1 |  843.0 |
       Dungeon |    843 |    823 |     20 |      0 |    695 |   1 |  843.0 |
               +--------+--------+--------+--------+--------+-----+--------+

Top non-repeatable levels by time:
     D:1: 843 daAuts
